 Dungeon Crawl Stone Soup version 0.20.1-1-g8b1a95d (webtiles) character file.

893 Lorindel the Magician (level 7, -4/82 HPs)
             Began as a White Draconian Wizard on July 16, 2017.
             Was an Initiate of Sif Muna.
             Slain by a gnoll
             ... wielding a +0 flail
              (7 damage)
             ... on level 5 of the Dungeon on July 17, 2017.
             The game lasted 01:11:22 (6078 turns).

Lorindel the Magician (White Draconian Wizard)      Turns: 6078, Time: 01:11:22

Health: -4/82      AC: 23    Str: 15    XL:     7   Next: 78%
Magic:  1/14       EV:  2    Int: 20    God:    Sif Muna [......]
Gold:   260        SH:  0    Dex:  9    Spells: 2/15 levels left

rFire    + . .     SeeInvis +   s - +1 trident "Wapp" {holy, rF+ Str+3 SInv}
rCold    . . .     Gourm    .   (no shield)
rNeg     + + +     Faith    .   (armour unavailable)
rPois    +         Spirit   .   (helmet currently unavailable)
rElec    .         Reflect  .   (cloak currently unavailable)
rCorr    .         Harm     .   (gloves currently unavailable)
MR       .....     NoTele   +   (boots currently unavailable)
Stlth    ++........             (no amulet)
Regen    0.3/turn               o - +2 ring of strength
MPRegen  0.2/turn               x - ring of flight

@: tree-form
A: (breathe frost), unfitting armour, AC +6
a: Renounce Religion


You were on level 5 of the Dungeon.
You worshipped Sif Muna.
Sif Muna was noncommittal.
You were not hungry.
You were a tree.
You visited 2 branches of the dungeon, and saw 6 of its levels.

You collected 260 gold pieces.

Inventory:

Hand Weapons
 f - a +0 trident
 h - a +0 falchion
 i - a +0 whip
 j - a +1 short sword of venom
 n - a +4 flail of protection
 p - a +5 dagger of holy wrath
 r - a +0 shortbow
 s - the +1 trident "Wapp" (weapon) {holy, rF+ Str+3 SInv}
   (You found it on level 4 of the Dungeon)

   It has been blessed by the Shining One to cause great damage to the undead
   and demons.
   It affects your strength (+3).
   It protects you from fire.
   It lets you see invisible.
 u - a +0 shortbow
Missiles
 k - 99 arrows
Armour
 a - a +1 hat (melded)
 y - a cursed +0 pair of gloves (melded)
Jewellery
 o - a +2 ring of strength (left branch)
 x - a ring of flight (right branch)
Wands
 c - a wand of paralysis (21/24)
Scrolls
 e - 5 scrolls of remove curse
 w - 3 scrolls of teleportation
Potions
 d - a potion of cancellation
 t - a potion of flight {unknown}
Books
 b - a book of Minor Magic

   Spells                             Type                      Level
   a - Magic Dart                     Conjuration                  1
   b - Blink                          Translocation                2
   c - Call Imp                       Summoning                    2
   d - Slow                           Hexes                        2
   e - Conjure Flame                  Conjuration/Fire             3
   f - Mephitic Cloud                 Conjuration/Poison/Air       3
 v - a book of Misfortune

   Spells                             Type                      Level
   a - Confusing Touch                Hexes                        1
   b - Confuse                        Hexes                        3
   c - Gell's Gravitas                Translocation                3
   d - Petrify                        Transmutation/Earth          4
   e - Metabolic Englaciation         Hexes/Ice                    5
   f - Yara's Violent Unravelling     Hexes/Transmutation          5
Comestibles
 g - 4 royal jellies
 m - 4 meat rations
 q - 3 fruits


   Skills:
 + Level 2.0 Fighting
 + Level 1.3 Polearms
 + Level 3.0 Dodging
 - Level 1.7 Stealth
 * Level 4.7 Spellcasting
 + Level 3.4 Conjurations
 + Level 2.4 Hexes
 + Level 2.2 Summonings
 + Level 2.6 Translocations
 + Level 0.1 Fire Magic
 + Level 2.3 Air Magic
 + Level 1.6 Poison Magic
 + Level 1.4 Evocations


You had 2 spell levels left.
You knew the following spells:

 Your Spells              Type           Power        Failure   Level  Hunger
a - Magic Dart            Conj           ###.         3%          1    None
b - Call Imp              Summ           ##......     8%          2    #......
c - Blink                 Tloc           N/A          6%          2    #......
d - Slow                  Hex            ##......     7%          2    #......
e - Mephitic Cloud        Conj/Pois/Air  ##......     13%         3    ##.....
f - Conjure Flame         Conj/Fire      ##......     17%         3    ##.....


Dungeon Overview and Level Annotations

Branches:
Dungeon (5/15)             Temple (1/1) D:5

Altars:
Fedhas
Hepliaklqana
Kikubaaqudgha
Nemelex Xobeh
Okawaru
Qazlal
Sif Muna
Trog

Shops:
D:4 }


Innate Abilities, Weirdness & Mutations

((You can breathe waves of freezing cold.))
((You can buffet flying creatures when you breathe cold.))
((Your icy white scales are hard. (AC +6)))
You cannot fit into any form of body armour.
((Your flesh is cold resistant. (rC+)))
((You are cold-blooded and may be slowed by cold attacks.))


Message History

The crimson imp hits you but does no damage.
The gnoll sergeant hits you but does no damage.
You hit the gnoll.
The gnoll is severely wounded.
The gnoll is engulfed in noxious fumes.
The gnoll appears confused.
The crimson imp hits you but does no damage.
The gnoll hits you with a flail.
* * * LOW HITPOINT WARNING * * *
The gnoll sergeant hits you but does no damage.
The gnoll closely misses the gnoll.
Your crimson imp hits the gnoll sergeant but does no damage.
You barely miss the gnoll.
The gnoll is heavily wounded.
The gnoll is engulfed in noxious fumes.
The gnoll appears confused.
The gnoll barely misses the gnoll sergeant.
The crimson imp hits you but does no damage.
The gnoll sergeant hits you from afar with a spear of pain.
* * * LOW HITPOINT WARNING * * *
The gnoll hits you with a flail!
You die...

#.............#......... ........
#.............#.#...... .........
..........(..##.#..###...#..##...
#8.8#######............. #. #.#.
..........#.....######## # ###.
.......§..#.....# #.
..........#..##.# # #.
..........#..##.###..#
..........#..##.♣5g..#
.....§....#..##ggg5.....
..........#.......§..#..
.......§.. ###.#?#### ..........
#.#.# ........§§ #.#.. ..........
#.#.## .....§.... #. .#
......§...


You could see a gnoll sergeant, 3 gnolls, a crimson imp and a friendly crimson
imp.

Vanquished Creatures
  A centaur (D:5)
  A bullfrog zombie (D:5)
  2 crimson imps (D:5)
  A jelly (D:4)
  A hound (D:5)
  An orc wizard (D:3)
  A centaur skeleton (D:5)
  Jessica (D:3)
  2 worker ants
  5 adders
  6 worms
  A dart slug (D:2)
  4 leopard geckos
  9 orcs
  2 ball pythons (D:1)
  6 giant cockroaches
  10 goblins
  9 hobgoblins
  2 jackals (D:5)
  A quokka (D:2)
  4 bats
  3 frilled lizards
  6 kobolds
  A leopard gecko skeleton (D:4)
  7 rats
  A bush (D:5)
88 creatures vanquished.

Vanquished Creatures (collateral kills)
  Grinder (D:5)
  Edmund (D:4)
  2 ogres (D:4)
  A howler monkey (D:4)
  Natasha (D:2)
  Robin (D:3)
  A gnoll (D:5)
  2 adders
  2 dart slugs (D:2)
  3 orcs
  6 goblins (D:3)
  2 hobgoblins (D:3)
  4 jackals (D:5)
  A kobold (D:2)
  A quokka skeleton (D:4)
  A rat (D:2)
  A bush (D:5)
31 creatures vanquished.

Vanquished Creatures (others)
  A ball python (D:5)
1 creature vanquished.

Grand Total: 120 creatures vanquished

Notes
Turn   | Place    | Note
-------+----------+-------------------------------------------
     0 | D:1      | Lorindel the Draconian Wizard began the quest for the Orb.
     0 | D:1      | Reached XP level 1. HP: 14/14 MP: 4/4
   272 | D:1      | Reached XP level 2. HP: 20/20 MP: 1/6
   980 | D:1      | Reached XP level 3. HP: 27/27 MP: 3/7
   988 | D:1      | Learned a level 2 spell: Call Imp
   991 | D:1      | Learned a level 2 spell: Blink
   994 | D:1      | Learned a level 2 spell: Slow
  1675 | D:2      | Noticed Natasha
  1691 | D:2      | Killed Natasha
  1926 | D:2      | Reached XP level 4. HP: 34/34 MP: 6/9
  1932 | D:2      | Learned a level 3 spell: Mephitic Cloud
  2457 | D:3      | Noticed Robin
  2484 | D:3      | Killed Robin
  2599 | D:3      | Noticed Jessica
  2610 | D:3      | Killed Jessica
  2610 | D:3      | Reached skill level 1 in Air Magic
  2701 | D:3      | Noticed Grinder
  2742 | D:3      | Reached XP level 5. HP: 39/39 MP: 5/10
  2752 | D:3      | Reached skill level 1 in Fighting
  2908 | D:3      | Found a bloodstained altar of Trog.
  2962 | D:3      | Found a stormy altar of Qazlal.
  2977 | D:3      | Reached skill level 1 in Hexes
  3478 | D:4      | Noticed an ogre
  3486 | D:4      | Killed an ogre
  3486 | D:4      | Reached skill level 4 in Spellcasting
  3492 | D:4      | Got an ancient trident
  3493 | D:4      | Identified the +1 trident "Wapp" {holy, rF+ Str+3 SInv} (You found it on level 4 of the Dungeon)
  3557 | D:4      | Noticed Edmund
  3560 | D:4      | Found Caikion's Gadget Shoppe.
  3570 | D:4      | Reached XP level 6. HP: 24/47 MP: 4/12
  3679 | D:4      | HP: 1/47 [orc/club (4)]
  3894 | D:4      | Killed Edmund
  4273 | D:4      | Found an iron altar of Okawaru.
  4354 | D:4      | Learned a level 3 spell: Conjure Flame
  4449 | D:4      | Reached skill level 1 in Poison Magic
  5057 | D:5      | Entered Level 5 of the Dungeon
  5065 | D:5      | Paralysed by Grinder for 4 turns
  5072 | D:5      | Paralysed by Grinder for 4 turns
  5077 | D:5      | Killed Grinder
  5077 | D:5      | Reached skill level 1 in Polearms
  5077 | D:5      | Your scales start taking on an icy white colour.
  5077 | D:5      | Reached XP level 7. HP: 32/55 MP: 9/13
  5077 | D:5      | Gained mutation: Your flesh is cold resistant. (rC+) [White Draconian growth]
  5195 | D:5      | Reached skill level 1 in Evocations
  5227 | D:5      | Found a hazy altar of Hepliaklqana.
  5473 | D:5      | Found a blossoming altar of Fedhas.
  5910 | D:5      | Found a staircase to the Ecumenical Temple.
  5919 | Temple   | Entered the Ecumenical Temple
  5972 | Temple   | Became a worshipper of Sif Muna the Loreminder
  6077 | D:5      | HP: 4/82 [gnoll/flail (2)]
  6078 | D:5      | Slain by a gnoll

Skill      XL: |  1  2  3  4  5  6  7 |
---------------+----------------------+-----
Dodging        | 2 3 |  3.0
Conjurations   | 2 3 |  3.4
Air Magic      | 1 2 |  2.3
Fighting       | 1 2 |  2.0
Hexes          | 1 2 |  2.4
Translocations | 2 |  2.6
Spellcasting   | 4 |  4.7
Poison Magic   | 1 |  1.6
Polearms       | 1 |  1.3
Summonings     | 2 |  2.2
Evocations     | 1 |  1.4
Stealth        | |  1.7
Fire Magic     | |  0.1

Action                   |  1- 3 |  4- 6 |  7- 9 || total
-------------------------+-------+-------+-------++-------
Melee: Unarmed           |    42 |       |       ||    42
       Short sword       |    28 |   103 |       ||   131
       Tailslap          |     9 |    16 |    12 ||    37
       Trident           |       |    93 |   110 ||   203
 Cast: Magic Dart        |    52 |    39 |     7 ||    98
       Call Imp          |    11 |    54 |    15 ||    80
       Mephitic Cloud    |       |     5 |     1 ||     6
       Blink             |       |     1 |       ||     1
       Slow              |       |       |     4 ||     4
       Conjure Flame     |       |       |     1 ||     1
 Abil: Breathe Frost     |       |       |     1 ||     1
  Use: Scroll            |     5 |     3 |       ||     8
       Potion            |     1 |     3 |     1 ||     5
 Stab: Sleeping          |     2 |       |       ||     2
  Eat: Chunk             |     3 |     8 |     2 ||    13
       Bread ration      |       |     1 |     1 ||     2
       Fruit             |       |       |     1 ||     1
Armor: Skin              |    22 |    62 |    69 ||   153
Dodge: Dodged            |    51 |   121 |    55 ||   227
